 Dungeon Crawl Stone Soup version 0.28.0-53-g5a82cb258f (webtiles) character file.

Game seed: 11804365668578645669

66970 mcbry74 the Severer (level 14, 0/116 HPs)
             Began as a Minotaur Fighter on July 19, 2022.
             Was the Champion of Okawaru.
             Slain by an orc warrior
             ... wielding a +0 flail
              (7 damage)
             ... on level 2 of the Orcish Mines.
             The game lasted 01:28:19 (26652 turns).

mcbry74 the Severer (Minotaur Fighter)             Turns: 26652, Time: 01:28:19

Health: 0/116      AC: 29    Str: 36    XL:     14   Next: 81%
Magic:  12/17      EV: 12    Int:  7    God:    Okawaru [******]
Gold:   2725       SH:  0    Dex:  9    Spells: 13/13 levels left

rFire   + + .      SeeInvis +   N - +3 executioner's axe (vamp)
rCold   . . .      Faith    .   (shield currently unavailable)
rNeg    + . .      Spirit   .   U - +5 pearl dragon scales "Rikuh" {rF++ rN+ Dex+2}
rPois   +          Reflect  .   (helmet restricted)
rElec   +          Harm     .   h - +0 cloak
rCorr   .          Rampage  .   o - +1 pair of gloves of Muttered Phrases {Str+6}
Will    +....                   f - +1 pair of boots
Stlth   ..........              (no amulet)
HPRegen 0.29/turn               t - +6 ring of strength
MPRegen 0.15/turn               m - ring "Zocaof" {rElec rPois Dex-3 SInv}

@: about to teleport, finesse-ful
A: horns 2, retaliatory headbutt
a: Renounce Religion, Heroism, Finesse, Duel


You were on level 2 of the Orcish Mines.
You worshipped Okawaru.
Okawaru was exalted by your worship.
You visited 3 branches of the dungeon, and saw 20 of its levels.
You also visited: Ice Cave.

You collected 3064 gold pieces.
You spent 339 gold pieces at shops.

Inventory:

Hand Weapons
 N - a +3 vampiric executioner's axe (weapon)
 W - a +0 great mace of holy wrath
Missiles
 a - 10 boomerangs
 g - 50 poisoned darts
 j - 19 curare-tipped darts (quivered)
 l - 8 javelins
 V - 6 datura-tipped darts
Armour
 f - a +1 pair of boots (worn)
 h - a +0 cloak (worn)
 o - the +1 pair of gloves of Muttered Phrases (worn) {Str+6}
   (Okawaru gifted it to you on level 11 of the Dungeon)

   Str:       It affects your strength (+6).
 U - the +5 pearl dragon scales "Rikuh" (worn) {rF++ rN+ Dex+2}
   (You found it on level 4 of the Lair of Beasts)

   Dex:       It affects your dexterity (+2).
   rF:        It greatly protects you from fire.
   rN:        It protects you from negative energy.
Jewellery
 k - a ring of flight
 m - the ring "Zocaof" (right hand) {rElec rPois Dex-3 SInv}
   (You took it off a kobold brigand on level 11 of the Dungeon)

   [ring of see invisible]

   Dex:       It affects your dexterity (-3).
   rElec:     It insulates you from electricity.
   rPois:     It protects you from poison.
   SInv:      It lets you see invisible.
 n - a ring of ice
 t - a +6 ring of strength (left hand)
 P - a ring of protection from cold
Wands
 r - a wand of flame (26)
 w - a wand of paralysis (7)
 C - a wand of mindburst (8)
 D - a wand of iceblast (22)
 Q - a wand of polymorph (5)
Scrolls
 c - 6 scrolls of identify
 q - 6 scrolls of teleportation
 u - 3 scrolls of blinking
 v - 4 scrolls of fear
 x - 2 scrolls of holy word
 B - 3 scrolls of silence
 E - 2 scrolls of amnesia
 J - 4 scrolls of fog
Potions
 d - 2 potions of might
 e - 2 potions of heal wounds
 i - 7 potions of curing
 z - 4 potions of lignification
 G - a potion of resistance
 K - a potion of haste
 M - 3 potions of brilliance
Miscellaneous
 O - a condenser vane
 T - a lightning rod (4/4)


   Skills:
 + Level 8.4 Fighting
 * Level 19.0(19.5) Axes
 - Level 8.3(14.7) Maces & Flails
 * Level 8.7 Throwing
 + Level 16.4 Armour
 + Level 6.5 Dodging
 - Level 4.0 Shields
 + Level 5.9 Invocations
 + Level 5.4 Evocations


You had 13 spell levels left.
You didn't know any spells.
Your spell library contained the following spells:

 Spells                   Type           Power      Damage    Failure   Level
 Slow                     Hex            0%         N/A       58%         1
 Blink                    Tloc           0%         N/A       75%         2
 Ensorcelled Hibernation  Hex/Ice        0%         N/A       75%         2
 Scorch                   Fire           0%         2d5       75%         2
 Sublimation of Blood     Necr           0%         N/A       75%         2
 Wereblood                Tmut           0%         N/A       75%         2
 Confusing Touch          Hex            0%         N/A       92%         3
 Gell's Gravitas          Tloc           0%         N/A       92%         3
 Lesser Beckoning         Tloc           0%         N/A       92%         3
 Spider Form              Tmut/Pois      0%         N/A       92%         3
 Stone Arrow              Conj/Erth      0%         3d7       92%         3
 Teleport Other           Tloc           0%         N/A       92%         3
 Vampiric Draining        Necr           0%         2d6       92%         3
 Anguish                  Hex/Necr       0%         N/A       100%        4
 Flame Wave               Conj/Fire      0%         2d4       100%        4
 Leda's Liquefaction      Hex/Erth       0%         N/A       100%        4
 Passage of Golubria      Tloc           0%         N/A       100%        4
 Petrify                  Tmut/Erth      0%         N/A       100%        4
 Alistair's Intoxication  Tmut/Pois      0%         N/A       100%        5
 Borgnjor's Vile Clutch   Necr/Erth      0%         N/A       100%        5
 Irradiate                Conj/Tmut      0%         3d14      100%        5
 Lee's Rapid Deconstruct  Erth           0%         3d5*      100%        5
 Manifold Assault         Tloc           0%         N/A       100%        5
 Yara's Violent Unravell  Hex/Tmut       0%         3d3       100%        5
 Eringya's Noxious Bog    Tmut/Pois      0%         N/A       100%        6
 Statue Form              Tmut/Erth      0%         N/A       100%        6
 Enfeeble                 Hex            0%         N/A       100%        7
 Storm Form               Tmut/Air       0%         N/A       100%        7
 Lehudib's Crystal Spear  Conj/Erth      0%         10d2      100%        8
 Tukima's Dance           Hex            Unusable   N/A       N/A         3
 Animate Armour           Summ/Erth      Unusable   N/A       N/A         4
 Summon Cactus Giant      Summ           Unusable   N/A       N/A         6
 Summon Hydra             Summ           Unusable   N/A       N/A         7

Dungeon Overview and Level Annotations

Branches:
Dungeon (12/15)            Temple (0/1) D:7            Lair (6/6) D:9
 Shoals (0/4) Lair:4        Snake (0/4) Lair:2        Slime (0/5) Lair:5
    Orc (2/2) D:12            Elf (0/3) Orc:2         IceCv (visited)

Altars:
Elyvilon
Makhleb
Okawaru
Ru
Sif Muna
Trog
Wu Jian
Yredelemnul
The Shining One
Jiyva

Shops:
D:1 [   D:10 *   D:12 *   Orc:1 ?

Portals:
Hell: Lair:6
Trove: D:11 (give 5 potions of resistance)

Annotations:
Lair:5 1 runed translucent door


Innate Abilities, Weirdness & Mutations

You have a pair of horns on your head.
You reflexively headbutt those who attack you in melee.


Message History

The orc warlord barely misses you.
Your Axes skill increases to level 19!
You slash the orc warlord!
You feel better.
The orc warlord is moderately wounded.
You barely miss the orc. You hit the orc warrior. You slash the orc knight!
You feel sick. The orc hits you but does no damage.
The orc warrior hits you with a +0 long sword.
Unknown command.
You hit the orc warlord.
You feel better.
The orc warlord is moderately wounded.
You hit the orc knight but do no damage.
You hit the orc warrior.
You feel better.
You barely miss the orc.
You feel sick.
The orc warrior hits you with a +0 long sword!
Unknown command.
You can now deal lightning-fast blows.
You feel sick.
The orc warlord is no longer moving slowly.
The orc warrior closely misses you.
The orc warlord hits you with a +0 battleaxe!
* * * LOW HITPOINT WARNING * * *
The orc knight hits you but does no damage.
As you read the scroll of teleportation, it crumbles to dust.
You feel strangely unstable.
You feel sick. The orc warrior misses you. You furiously retaliate!
You headbutt the orc warrior.
The orc warrior hits you but does no damage.
The orc barely misses you.
The orc warrior hits you but does no damage.
The orc priest calls down the wrath of Beogh upon you.
Beogh smites you!
* * * LOW HITPOINT WARNING * * *
The orc warlord hits you with a +0 battleaxe!!
* * * LOW HITPOINT WARNING * * *
The orc wizard hits you but does no damage.
The orc knight hits you with a +0 great sword.
* * * LOW HITPOINT WARNING * * *
Okay, then.
You feel better.
The orc warrior hits you with a +0 flail!
You die...

###.......##.)#.......#
##.##.....##...........#
#...##......#..........#
##...............(.....#
##......................#
........................#
.......#........o(......#
...............oo#.......
##........))...o@oo.......
.#.........)..)ooo........o
..........)..)............o.
..............)).........o..o
.........))#............#....o
.......))...............
.......#))..............
..#....)#.##.........>..
...##.).))#............#


You could see an orc warlord (strong, poisoned), an orc knight (strong), 3 orc
warriors, an orc priest (strong), 2 orc wizards and an orc (strong).

Vanquished Creatures
  Rupert (Lair:5)
  Kirke (Lair:5)
  A dire elephant (Lair:6)
  Snorg (D:11)
  Fannar (D:11)
  The ghost of diceflayer the Warrior, a journeyman OpFi of Okawaru (D:11)
  11 hydras
  2 catoblepae
  3 boulder beetles
  3 two-headed ogres
  3 orc high priests
  Sonja (D:11)
  A sixfirhy (Lair:6)
  Pikel (D:7)
  A wizard (Lair:6)
  2 ugly things
  4 orc sorcerers (Orc:2)
  A cyclops (D:8)
  A manticore (D:12)
  7 black mambas
  A merfolk siren (Lair:4)
  5 elephants
  A smoke demon (Lair:6)
  A torpor snail (Lair:6)
  3 ice statues (IceCv)
  12 cane toads
  A gargoyle (D:12)
  An unseen horror (D:10)
  3 kobold demonologists (D:11)
  An orange demon (Lair:6)
  2 anaconda simulacra (IceCv)
  8 komodo dragons
  6 rime drakes
  A freezing wraith (IceCv)
  6 ice devils
  3 trolls
  9 blink frogs (Lair:6)
  3 polar bears
  A meliai zombie (D:10)
  9 slime creatures (D:12)
  2 shadows
  5 wyverns
  2 wraiths (D:11)
  A vampire (D:11)
  53 yaks
  A hog (Lair:5)
  6 humans (Lair:5)
  4 basilisks
  3 death yak simulacra (IceCv)
  A steam dragon (D:7)
  A harpy simulacrum (IceCv)
  An acid dragon (D:11)
  4 wargs
  13 water moccasins
  4 hell hounds (Lair:6)
  A hornet zombie (D:5)
  28 orc warriors
  A sky beast (D:5)
  4 black bears
  A necrophage (D:4)
  6 ogres
  7 wolves
  8 centaurs
  3 phantoms
  11 kobold brigands
  6 bullfrogs
  A gnoll sergeant (D:7)
  4 scorpions
  A water moccasin skeleton (D:6)
  8 killer bees
  An elephant simulacrum (IceCv)
  4 wights (D:9)
  A howler monkey (D:9)
  3 centaur zombies
  2 jellies
  4 hounds
  2 centaur skeletons
  13 orc priests
  4 iguanas
  Ijyb (D:3)
  21 orc wizards
  Natasha (D:4)
  7 hell rats (Lair:1)
  2 killer bee zombies
  A wolf simulacrum (IceCv)
  A hound skeleton (D:4)
  2 howler monkey zombies
  7 adders
  9 gnolls
  A howler monkey skeleton (D:7)
  14 river rats (Lair:1)
  2 white imps
  3 worms (D:2)
  3 dart slugs
  57 orcs
  6 ball pythons
  8 endoplasms
  3 giant cockroaches
  14 goblins
  8 hobgoblins
  2 jackals (D:3)
  9 quokkas
  4 bats
  6 frilled lizards (D:1)
  11 kobolds
  22 rats
  A fungus (Lair:6)
575 creatures vanquished.

Vanquished Creatures (others)
  A cane toad (Lair:6)
  40 fungi
  49 plants
90 creatures vanquished.

Grand Total: 665 creatures vanquished

Notes
Turn   | Place    | Note
-------+----------+-------------------------------------------
     0 | D:1      | mcbry74 the Minotaur Fighter began the quest for the Orb.
     0 | D:1      | Reached XP level 1. HP: 19/19 MP: 0/0
   156 | D:1      | Found a faded altar of an unknown god.
   220 | D:1      | Found Saonyel's Armour Boutique.
   298 | D:1      | Reached XP level 2. HP: 21/27 MP: 1/1
   538 | D:1      | Reached skill level 3 in Axes
  1359 | D:2      | Reached XP level 3. HP: 33/33 MP: 2/2
  1724 | D:2      | Reached skill level 4 in Axes
  1741 | D:2      | Reached XP level 4. HP: 40/40 MP: 3/3
  2212 | D:3      | Found an iron altar of Okawaru.
  2220 | D:3      | Became a worshipper of Warmaster Okawaru
  2257 | D:3      | Noticed Ijyb
  2274 | D:3      | Paralysed by Ijyb for 4 turns
  2282 | D:3      | Killed Ijyb
  2458 | D:3      | Found a shimmering blue altar of Sif Muna.
  2697 | D:3      | Reached XP level 5. HP: 46/46 MP: 4/4
  2747 | D:3      | Reached skill level 5 in Axes
  3124 | D:4      | Reached skill level 5 in Armour
  3285 | D:4      | Reached skill level 6 in Axes
  3285 | D:4      | Reached XP level 6. HP: 49/52 MP: 5/5
  3455 | D:4      | Noticed a water moccasin
  3469 | D:4      | Killed a water moccasin
  3469 | D:4      | Reached * piety under Okawaru
  3470 | D:4      | Reached skill level 7 in Axes
  3755 | D:4      | Noticed Natasha
  3763 | D:4      | Killed Natasha
  4011 | D:4      | Found a sacrificial altar of Ru.
  4065 | D:4      | Reached XP level 7. HP: 56/59 MP: 6/6
  4172 | D:4      | Reached skill level 8 in Axes
  4291 | D:5      | Entered Level 5 of the Dungeon
  4456 | D:5      | Found a glowing golden altar of the Shining One.
  4487 | D:5      | Reached ** piety under Okawaru
  4488 | D:5      | Reached skill level 9 in Axes
  4497 | D:5      | Reached XP level 8. HP: 45/66 MP: 7/7
  5013 | D:6      | Reached skill level 10 in Axes
  5953 | D:7      | Reached *** piety under Okawaru
  5954 | D:7      | Reached skill level 11 in Axes
  6209 | D:7      | Noticed Pikel
  6224 | D:7      | Killed Pikel
  6225 | D:7      | Reached skill level 12 in Axes
  6225 | D:7      | Reached XP level 9. HP: 31/71 MP: 8/8
  6446 | D:7      | Found a staircase to the Ecumenical Temple.
  6721 | D:7      | Found a large runed translucent door.
  6722 | D:7      | Found a large runed translucent door.
  6934 | D:7      | Found a bloodstained altar of Trog.
  6943 | D:7      | Found a basalt altar of Yredelemnul.
  8083 | D:8      | Noticed a cyclops
  8091 | D:8      | Killed a cyclops
  8091 | D:8      | Reached **** piety under Okawaru
  8092 | D:8      | Reached skill level 13 in Axes
  8092 | D:8      | Reached skill level 10 in Armour
  8815 | D:9      | Found a white marble altar of Elyvilon.
  9060 | D:9      | Noticed a two-headed ogre
  9067 | D:9      | Reached XP level 10. HP: 64/78 MP: 9/9
  9072 | D:9      | Reached skill level 14 in Axes
  9079 | D:9      | Killed a two-headed ogre
  9079 | D:9      | Reached ***** piety under Okawaru
  9306 | D:9      | Identified the +5 ring mail "Mutyrae" {rC+ Str-4 Dex+3
                  | Stlth+} (Okawaru gifted it to you on level 9 of the
                  | Dungeon)
  9306 | D:9      | Received a gift from Okawaru
  9716 | D:9      | Reached skill level 15 in Axes
  9834 | D:9      | Found a staircase to the Lair.
 10180 | D:1      | Bought a +2 chain mail of poison resistance for 203 gold
                  | pieces
 10352 | Lair:1   | Entered Level 1 of the Lair of Beasts
 10352 | Lair:1   | Noticed a four-headed hydra
 10360 | Lair:1   | Killed a four-headed hydra
 10688 | Lair:1   | Noticed a cane toad
 10695 | Lair:1   | Killed a cane toad
 10794 | Lair:1   | Reached skill level 16 in Axes
 10812 | Lair:1   | Noticed an eight-headed hydra
 10827 | Lair:1   | Reached XP level 11. HP: 77/84 MP: 10/10
 10833 | Lair:1   | Killed an eight-headed hydra
 11603 | Lair:1   | Noticed a six-headed hydra
 11617 | Lair:1   | Killed a six-headed hydra
 11618 | Lair:1   | Reached skill level 17 in Axes
 12158 | D:10     | Entered Level 10 of the Dungeon
 12390 | D:10     | Reached skill level 1 in Maces & Flails
 12393 | D:10     | Received a gift from Okawaru
 12965 | D:10     | Found Wevip's General Store.
 13265 | D:11     | Found a portal to a secret trove of treasure.
 13626 | D:11     | Reached skill level 5 in Maces & Flails
 13795 | D:11     | Noticed Fannar
 13807 | D:11     | Killed Fannar
 13807 | D:11     | Identified the +1 pair of gloves of Muttered Phrases
                  | {Str+6} (Okawaru gifted it to you on level 11 of the
                  | Dungeon)
 13807 | D:11     | Received a gift from Okawaru
 13928 | D:11     | Noticed Sonja
 13940 | D:11     | Killed Sonja
 14055 | D:11     | Reached XP level 12. HP: 88/91 MP: 11/11
 14271 | D:11     | Found a runed translucent gate.
 14271 | D:11     | Found a runed translucent gate.
 14271 | D:11     | Found a runed translucent gate.
 14273 | D:11     | Identified the ring "Zocaof" {rElec rPois Dex-3 SInv}
 14276 | D:11     | Noticed diceflayer's ghost (journeyman OpFi)
 14352 | D:11     | Killed diceflayer's ghost
 14671 | D:11     | Noticed Snorg
 14683 | D:11     | Killed Snorg
 14684 | D:11     | Reached skill level 1 in Throwing
 14944 | D:11     | Reached skill level 1 in Dodging
 15020 | D:11     | Reached skill level 1 in Invocations
 15020 | D:11     | Reached skill level 1 in Evocations
 15172 | D:12     | Reached skill level 15 in Armour
 15415 | D:12     | Found Emeviodi's Assorted Antiques.
 15445 | D:12     | Noticed a two-headed ogre
 15458 | D:12     | Killed a two-headed ogre
 15884 | D:12     | Noticed a boulder beetle
 15921 | D:12     | HP: 1/92 [komodo dragon (16)]
 15929 | D:12     | Killed a boulder beetle
 15929 | D:12     | Received a gift from Okawaru
 16431 | D:12     | Found an ornate altar of the Wu Jian Council.
 16457 | D:12     | Reached skill level 5 in Fighting
 16615 | D:12     | Found a staircase to the Orcish Mines.
 16660 | D:12     | Identified a scroll of acquirement
 16661 | D:12     | Acquired 919 gold pieces
 17380 | Lair:2   | Noticed a catoblepas
 17393 | Lair:2   | Killed a catoblepas
 18015 | Lair:2   | Found a staircase to the Snake Pit.
 18211 | Lair:2   | Noticed a seven-headed hydra
 18225 | Lair:2   | Killed a seven-headed hydra
 18509 | Lair:2   | Reached XP level 13. HP: 102/102 MP: 14/14
 18833 | Lair:3   | Received a gift from Okawaru
 18873 | Lair:3   | Found a frozen archway.
 19112 | IceCv    | Entered an ice cave
 19419 | IceCv    | Identified the +1 hand axe of Kiexorhikod {pain, Str-3
                  | Int+5}
 19630 | IceCv    | Reached skill level 5 in Throwing
 21119 | Lair:4   | Found a staircase to the Shoals.
 21402 | Lair:4   | Received a gift from Okawaru
 21481 | Lair:4   | Identified the +5 pearl dragon scales "Rikuh" {rF++ rN+
                  | Dex+2}
 21654 | Lair:4   | Identified the +5 dagger "Mopasch" {freeze, rN+ rCorr Str-4
                  | Dex+7}
 22117 | Lair:5   | Noticed Kirke
 22129 | Lair:5   | Received a gift from Okawaru
 22138 | Lair:5   | Killed Kirke
 22203 | Lair:5   | Noticed Rupert
 22216 | Lair:5   | Killed Rupert
 22712 | Lair:5   | Reached ****** piety under Okawaru
 22714 | Lair:5   | Reached skill level 18 in Axes
 22723 | Lair:5   | Received a gift from Okawaru
 22742 | Lair:5   | Reached skill level 5 in Dodging
 23236 | Lair:5   | Found a runed translucent door.
 23236 | Lair:5   | Found a viscous altar of Jiyva.
 23237 | Lair:5   | Found a staircase to the Slime Pits.
 23237 | Lair:5   | Noticed an azure jelly
 23244 | Lair:6   | Entered Level 6 of the Lair of Beasts
 23355 | Lair:6   | Reached XP level 14. HP: 110/113 MP: 16/16
 23485 | Lair:6   | Reached skill level 5 in Invocations
 23600 | Lair:6   | Received a gift from Okawaru
 23813 | Lair:6   | Identified the +3 buckler of Hicved Pene {Will+ Regen+
                  | Str-2 Dex+4} (Okawaru gifted it to you on level 6 of the
                  | Lair of Beasts)
 23813 | Lair:6   | Received a gift from Okawaru
 23999 | Lair:6   | Found a burning altar of Makhleb.
 24032 | Lair:6   | Reached skill level 5 in Evocations
 24048 | Lair:6   | Found a gateway to Hell.
 24889 | Lair:1   | Acquired 714 gold pieces
 25008 | Orc:1    | Entered Level 1 of the Orcish Mines
 25095 | Orc:1    | Found Zysch's Magic Scroll Boutique.
 25103 | Orc:1    | Bought a scroll of blinking for 97 gold pieces
 25103 | Orc:1    | Bought a scroll of teleportation for 39 gold pieces
 25990 | Orc:2    | Entered Level 2 of the Orcish Mines
 26210 | Orc:2    | Found a staircase to the Elven Halls.
 26220 | Orc:2    | Paralysed by an orc sorcerer for 5 turns
 26638 | Orc:2    | Noticed an orc warlord
 26648 | Orc:2    | Reached skill level 19 in Axes
 26651 | Orc:2    | HP: 5/116 [orc warlord/+0 battleaxe (19)]
 26651 | Orc:2    | HP: 1/116 [orc knight/+0 great sword (4)]
 26652 | Orc:2    | Slain by an orc warrior

Illustrated notes

Levels and vault maps discovered:
D:1:      saegor_arrival_simple_b, layout_basic, serial_shops,
          nicolae_shop_statue_plus, shapermc_ecumenical_altar_gd
D:2:      layout_basic
D:3:      layout_loops_ring, mainiacjoe_overflow_paths, lemuel_crystal_altar,
          uniq_ijyb
D:4:      wad_crossroads, layout_basic, kennysheep_little_box, uniq_natasha
D:5:      layout_rooms, mainiacjoe_overflow_24_doors
D:6:      layout_loops_ring
D:7:      layout_loops_ring, jmf_multi_god_temple2, temple_pool_b,
          nicolae_sextant, uniq_pikel
D:8:      layout_basic
D:9:      layout_basic, elyvilon_altar_5, grunt_lair_entry_orc_guard_hut
D:10:     layout_basic, serial_shops, nicolae_shop_statue_plus
D:11:     layout_loops_ring, gammafunk_ghost_nasty_kobolds, enter_trove_1,
          uniq_fannar, uniq_snorg, uniq_sonja
D:12:     layout_irregular_city, david_orc_3, serial_shops,
          nicolae_shop_waterfront, nicolae_wu_jian_wuxing_cycle
Lair:1:   lemuel_ratsnest, layout_gridlike, grunt_megastairs_2
Lair:2:   layout_concentric_octagons, minmay_snake_entry_six_corridors,
          serial_bayou_shore_b
Lair:3:   layout_regular_city, portal_ice_cave_demonic_guard,
          grunt_megastairs_3, infiniplex_staircase_pool_2
Lair:4:   layout_cave_shapes, minmay_shoals_entry_lonely_mermaid,
          grunt_megastairs_4
Lair:5:   layout_roguey, slime_altar_2, beast_lair_carwin_4, uniq_kirke,
          uniq_rupert
Lair:6:   evil_forest, layout_long_grid
Orc:1:    layout_caves, serial_shops, nicolae_shop_statue_plus,
          guppyfry_library_mini
Orc:2:    st_orc_congregation, layout_diamond_mine

Skill      XL: |  1  2  3  4  5  6  7  8  9 10 11 12 13 14 |
---------------+-------------------------------------------+-----
Axes           | 3 4 6 7 9 12 13 16 17 18 19 | 19.0
Armour         | 4 5 6 7 9 10 12 14 15 16 | 16.4
Fighting       | 4 5 7 8 |  8.4
Shields        | 4 |  4.0
Maces & Flails | 6 8 |  8.3
Throwing       | 4 7 8 |  8.7
Dodging        | 3 5 6 |  6.5
Invocations    | 3 4 5 |  5.9
Evocations     | 2 4 5 |  5.4

Action                   |  1- 3 |  4- 6 |  7- 9 | 10-12 | 13-15 || total
-------------------------+-------+-------+-------+-------+-------++-------
Melee: War axe           |    91 |   125 |   126 |   292 |       ||   634
       Headbutt          |    14 |    12 |    53 |   149 |   138 ||   366
       Flail             |       |       |    87 |   202 |     5 ||   294
       Executioner's axe |       |       |       |    74 |   560 ||   634
       Punch             |       |       |       |     2 |       ||     2
       Great mace        |       |       |       |       |    14 ||    14
Throw: Dart              |       |     1 |     1 |     5 |    16 ||    23
Invok: Heroism           |       |       |       |     4 |     1 ||     5
       Finesse           |       |       |       |     3 |     3 ||     6
  Use: Scroll            |       |     2 |    11 |    11 |     9 ||    33
       Potion            |       |       |       |     1 |     7 ||     8
Armor: Scale mail        |    41 |     4 |       |       |       ||    45
       Chain mail        |       |    65 |   136 |   298 |    58 ||   557
       Ring mail         |       |       |       |    15 |       ||    15
       Pearl dragon scal |       |       |       |       |   383 ||   383
Dodge: Dodged            |    37 |    27 |    85 |   216 |   383 ||   748
Block: Buckler           |    20 |    22 |    16 |       |       ||    58
